 Dungeon Crawl Stone Soup version 0.30-a0-42-g806c11bf1d (webtiles) character file.

Game seed: 3695913070923428804

2571 ytrimaz the Transmogrifier (level 9, -5/53 HPs)
             Began as an Octopode Transmuter on Aug 30, 2022.
             Was an Initiate of Ashenzari.
             Slain by a bullfrog (9 damage)
             ... in a bailey.
             The game lasted 00:14:09 (10101 turns).

ytrimaz the Transmogrifier (Octopode Transmuter)   Turns: 10101, Time: 00:14:09

Health: -5/53      AC:  1    Str:  7 (9)  XL:     9   Next: 57%
Magic:  20/20      EV: 13    Int: 17 (20) God:    Ashenzari [......]
Gold:   568        SH:  0    Dex:  9 (12) Spells: 13/23 levels left

rFire   . . .      SeeInvis .      - Unarmed
rCold   + . .      Faith    .    (no shield)
rNeg    . . .      Spirit   .    (helmet restricted)
rPois   .          Reflect  .    (no amulet)
rElec   .          Harm     .    q - ring "Astrological Free Will" {rC+, Elem, Self} (curse)
rCorr   .          Rampage  .    v - ring of flight
Will    .....                    (no ring)
Stlth   ++........               (no ring)
HPRegen 0.17/turn                (no ring)
MPRegen 0.17/turn                (no ring)
                                 (no ring)
                                 (no ring)

@: flying
A: almost no armour, amphibious, 8 rings, camouflage 1, gelatinous body 1,
(nimble swimmer 1), tentacles
a: Renounce Religion, Curse Item, Shatter the Chains


You were in a bailey.
You worshipped Ashenzari.
Ashenzari was noncommittal.
You visited 1 branch of the dungeon, and saw 7 of its levels.
You also visited: Sewer and Bailey.

You collected 568 gold pieces.


Innate Abilities, Weirdness & Mutations

You cannot wear most types of armour.
You are amphibious.
You can wear up to eight rings at the same time.
Your skin changes colour to match your surroundings (Stealth+).
Your rubbery body absorbs attacks. (AC +1, EV +1)
((You are camouflaged when in or above water. (Stealth+)))
You have tentacles for arms and can constrict up to eight enemies at once.


   Skills:
 - Level 1.0(1.2) Fighting
 - Level 2.0 Dodging
 - Level 4.1 Unarmed Combat
 + Level 7.4(7.8) Spellcasting
 + Level 8.1 Transmutations
 - Level 4.0(4.4) Ice Magic
 - Level 4.0 Poison Magic


You had 13 spell levels left.
You knew the following spells:

 Your Spells              Type           Power      Damage    Failure   Level
a - Beastly Appendage     Tmut           68%        N/A       1%          1
b - Wereblood             Tmut           34%        N/A       1%          2
c - Spider Form           Tmut/Pois      27%        N/A       2%          3
d - Ice Form              Ice/Tmut       28%        N/A       8%          4

Your spell library contained the following spells:

 Spells                   Type           Power      Damage    Failure   Level
 Passwall                 Tmut/Erth      16%        N/A       3%          2
 Ensorcelled Hibernation  Hex/Ice        28%        N/A       7%          2
 Swiftness                Air            6%         N/A       30%         3

Inventory:

Missiles
 e - 18 stones {throwing}
 f - 5 poisoned darts {throwing}
 w - 5 boomerangs {throwing}
Jewellery
 q - the cursed ring "Astrological Free Will" (left tentacle) {rC+, Elem, Self}
   (You found it on level 4 of the Dungeon)

   [ring of protection from cold]

   rC:        It protects you from cold.
   It has a curse which improves the following skills: Elements: Fire Magic, Ice
   Magic, Air Magic and Earth Magic.
   Introspection: Fighting and Spellcasting.
 v - a ring of flight (right tentacle)
   (You found it on level 6 of the Dungeon)
Wands
 i - a wand of polymorph (5)
   (You took it off Ijyb on level 3 of the Dungeon)
 m - a wand of iceblast (8)
   (You found it on level 4 of the Dungeon)
 p - a wand of acid (2)
   (You found it on level 5 of the Dungeon)
Scrolls
 a - a scroll of blinking {!r}
 b - a scroll of teleportation {@r4}
 d - a scroll of amnesia
 h - 6 scrolls of butterflies
 s - a scroll of fear
 u - a scroll of enchant weapon
Potions
 c - 3 potions of flight
 l - 2 potions of attraction {!q}
 o - a potion of heal wounds {unknown}
 r - a potion of degeneration {!q@e2}
 t - a potion of brilliance

Dungeon Overview and Level Annotations

Branches:
Dungeon (7/15) Zot: 26941   Sewer (visited)          Bailey (1/1) Zot: 5187
 Temple: D:4-7

Altars:
Ashenzari
Dithmenos
Elyvilon
Hepliaklqana
Makhleb
Ru
Sif Muna
Trog
Wu Jian

Annotations:
D:3 1 runed translucent door, Crazy Yiuf

#FFF.≈####..[
####Fg.≈# ##..
#~..#≈o.~≈≈~ #..
~...#≈~.~~~~≈##.
##~..##≈~...~~~≈#.
#~.. #≈~....~~~≈##
#.. ##≈~..~~~~~≈#
#'###≈~....~~~~≈#
#@F≈F~~~~~..~~~≈
##..........~~≈#
#~~~.......~~≈#
##~~~##'##~~≈##
##~##...## ##
###.....# #..∩..#
#.....# #.....#


You could see 2 bullfrogs.


Message History

* * * LOW HITPOINT WARNING * * *
The bullfrog hits you but does no damage.
The bullfrog barely misses you. 😨 HP[-5]
You take 5 damage, and now have 23/79 hp.
You hit the human. The bullfrog hits you.
* * * LOW HITPOINT WARNING * * *
The bullfrog hits you.
* * * LOW HITPOINT WARNING * * *
The bullfrog hits you but does no damage.
The human hits you but does no damage. 😱 HP[-6]
You take 6 damage, and now have 17/79 hp.
Unknown command.
Okay, then.
Unknown command.
As you read the scroll of fear, it crumbles to dust.
You assume a fearsome visage.
The bullfrog looks frightened! x2
The human looks frightened!
The bullfrog looks frightened! x2
Unknown command.
Okay, then.
Cornered, the bullfrog turns to fight! 😱 HP[+1]
Your transformation is almost over.
Unknown command.
Unknown command.
Unknown command.
Unknown command.
Unknown command.
You cannot move.
Unknown command.
You swing at nothing.
The bullfrog hits you but does no damage.
You hit the bullfrog.
The bullfrog hits you but does no damage. 😱 HP[+1]
You barely miss the bullfrog.
The bullfrog hits you but does no damage.
The bullfrog completely misses you.
You barely miss the bullfrog.
The bullfrog hits you but does no damage.
You smack the bullfrog!
The bullfrog hits you but does no damage.
You smack the bullfrog!
You kill the bullfrog! 😨 HP[+1]
You swing at nothing.
You feel less wooden. 😱 HP[-7]
You now have 53 max hp (-26).
Unknown command.
a - a scroll of blinking {!r}
s - 2 scrolls of fear (gained 1) 😨 HP[+1]
h - 5 scrolls of butterflies (gained 1)
You see here a bullfrog corpse.
b - a scroll of teleportation {@r4} You see here a bullfrog corpse. 😨 HP[+1]
You see here a scroll of butterflies.
You see here a scroll of butterflies.
h - 6 scrolls of butterflies (gained 1) Unknown command.
Unknown command.
As you read the scroll of fear, it crumbles to dust.
You assume a fearsome visage.
The orc looks frightened!
The human looks frightened! 😨 HP[+1] Unknown command.
There is a gate leading back out of this place here.
You feel a little less clever now.
The bullfrog croaks.
You tentacle-slap the bullfrog. You grab the bullfrog.
You squeeze the bullfrog! You constrict the bullfrog.
The bullfrog misses you. 😨 HP[+1]
You barely miss the bullfrog. You constrict the bullfrog.
You kill the bullfrog!
Unknown command.
There is an open door here. 😨 HP[+1]
The orc cries, "Oh dear!
Oh dear!"
The bullfrog croaks.
The bullfrog hits you!
* * * LOW HITPOINT WARNING * * *
You hear a shout!
You tentacle-slap the bullfrog. Your grab misses the bullfrog.
You squeeze the bullfrog! The bullfrog hits you.
* * * LOW HITPOINT WARNING * * *
😱 HP[-7]
You take 7 damage, and now have 11/53 hp.
Unknown command.
Okay, then.
The bullfrog barely misses you.
Unknown command.
A vault guard comes into view. It is wielding a +0 broad axe.
The vault guard shouts!
The bullfrog hits you!
* * * LOW HITPOINT WARNING * * *
The bullfrog hits you!
You die...

Skill      XL: |  1  2  3  4  5  6  7  8  9 |
---------------+----------------------------+-----
Unarmed Combat | 4 |  4.1
Poison Magic   | 1 2 4 |  4.0
Transmutations | 3 4 7 8 |  8.1
Spellcasting   | 3 4 6 7 |  7.4
Ice Magic      | 2 4 |  4.0
Fighting       | |  1.0
Dodging        | |  2.0

Action                   |  1- 3 |  4- 6 |  7- 9 || total
-------------------------+-------+-------+-------++-------
Melee: Unarmed           |    81 |    99 |   252 ||   432
       Constrict         |    17 |    11 |    13 ||    41
       Tentacles         |    18 |     7 |     8 ||    33
       Kick              |    11 |     8 |     2 ||    21
       Punch             |     2 |       |     6 ||     8
 Cast: Beastly Appendage |    19 |     8 |    11 ||    38
       Spider Form       |       |     9 |    12 ||    21
       Wereblood         |       |     1 |     5 ||     6
       Ice Form          |       |     2 |    13 ||    15
Invok: Curse Item        |       |       |     1 ||     1
 Abil: End Transformatio |       |       |     2 ||     2
  Use: Scroll            |     5 |     3 |     9 ||    17
       Potion            |     1 |     1 |    14 ||    16
 Stab: Sleeping          |     5 |     3 |     3 ||    11
       Confused          |       |     1 |       ||     1
Armor: Skin              |    36 |    16 |   202 ||   254
Dodge: Dodged            |    30 |    74 |   233 ||   337

Levels and vault maps discovered:
D:1:      dpeg_arrival_arbitrary_b, layout_basic, minmay_liquid_box,
          minmay_misc_feat_iff
D:2:      layout_loops_corners, shapermc_ecumenical_altar_mp_highgroup
D:3:      layout_basic, nicolae_hepliaklqana_monster_ancestors,
          minmay_misc_feat_alley, uniq_natasha, uniq_ijyb, uniq_terence,
          uniq_crazy_yiuf_cottage
D:4:      layout_rooms, nicolae_overflow_hallway_of_the_gods,
          gup_sewer_entry_spiral, corner_web_ring
D:5:      layout_cave_pools, grunt_dithmenos_smoke, nicolae_overflow_squiral,
          serial_bayou, serial_bayou_pond_d, serial_bayou_pond_a,
          serial_bayou_pond_d, serial_bayou_pond_d, serial_bayou_lake_a,
          serial_bayou_pond_d, minmay_misc_feat_cross, minmay_gold_behind_fungi,
          chequers_serial_rivers_micro_d, saegor_snake_ambush
D:6:      layout_cave_pods, lightli_corner_chamber, uniq_sigmund
D:7:      layout_rooms, yredelemnul_forgotten_temple_becter, temple_hall,
          enter_bailey_4
Bailey:   bailey_axe_froggy_fort_hellmonk, bailey

Notes
Turn   | Place    | Note
-------+----------+-------------------------------------------
     0 | D:1      | ytrimaz the Octopode Transmuter began the quest for the
                  | Orb.
     0 | D:1      | Reached XP level 1. HP: 13/13 MP: 3/3
     0 | D:1      | magus.rc [v1.9.6]
   545 | D:1      | Reached XP level 2. HP: 14/18 MP: 3/5
  1311 | D:1      | Learned a level 2 spell: Wereblood
  1760 | D:2      | Reached skill level 4 in Unarmed Combat
  1789 | D:2      | Found a faded altar of an unknown god.
  2025 | D:2      | Reached XP level 3. HP: 22/23 MP: 4/6
  2029 | D:2      | Learned a level 3 spell: Spider Form
  2246 | D:2      | You pick up a book of Burglary and begin reading...
  2246 | D:2      | You add the spells Passwall, Ensorcelled Hibernation and
                  | Swiftness to your library.
  2991 | D:3      | magus.rc [v1.9.6]
  2992 | D:3      | Reached skill level 1 in Poison Magic
  2995 | D:3      | HP: 7/34 [something/puff of flame (7)]
  3008 | D:3      | Reached XP level 4. HP: 10/28 MP: 7/7
  3297 | D:3      | Noticed Terence
  3439 | D:3      | Reached skill level 2 in Poison Magic
  3549 | D:3      | Found a runed translucent door.
  3550 | D:3      | Noticed Crazy Yiuf
  3620 | D:3      | Found a hazy altar of Hepliaklqana.
  3668 | D:3      | Noticed Ijyb
  3678 | D:3      | Killed Ijyb
  3803 | D:3      | Killed Terence
  3804 | D:3      | Reached XP level 5. HP: 33/33 MP: 4/8
  3849 | D:3      | Noticed Natasha
  3857 | D:3      | Reached skill level 3 in Poison Magic
  3864 | D:3      | Killed Natasha
  4056 | D:3      | Noticed Natasha
  4174 | D:3      | Killed Natasha
  4175 | D:3      | Reached skill level 3 in Transmutations
  4455 | D:4      | Reached skill level 3 in Spellcasting
  4455 | D:4      | Reached skill level 4 in Poison Magic
  4455 | D:4      | Reached XP level 6. HP: 30/38 MP: 6/10
  4574 | D:4      | Learned a level 4 spell: Ice Form
  4655 | D:4      | Found a glowing drain.
  4659 | Sewer    | Entered a sewer
  4837 | Sewer    | Noticed a water moccasin
  4844 | Sewer    | Killed a water moccasin
  4845 | Sewer    | Reached skill level 1 in Ice Magic
  5071 | D:4      | Found a sacrificial altar of Ru.
  5074 | D:4      | Found a white marble altar of Elyvilon.
  5078 | D:4      | Found a shimmering blue altar of Sif Muna.
  5078 | D:4      | Found a burning altar of Makhleb.
  5084 | D:4      | Found a bloodstained altar of Trog.
  5138 | D:4      | Reached skill level 2 in Ice Magic
  5160 | D:4      | Reached XP level 7. HP: 27/43 MP: 8/12
  5595 | D:5      | Entered Level 5 of the Dungeon
  5755 | D:5      | Found an ornate altar of the Wu Jian Council.
  5757 | D:5      | Found a broken altar of Ashenzari.
  5765 | D:5      | Became a worshipper of Ashenzari the Shackled
  5840 | D:5      | HP: 7/43 [something (4)]
  5840 | D:5      | HP: 3/43 [orc/+0 club (4)]
  6245 | D:5      | Reached skill level 4 in Transmutations
  6311 | D:5      | Reached skill level 3 in Ice Magic
  6672 | D:5      | Reached skill level 4 in Spellcasting
  6842 | D:5      | Reached skill level 4 in Ice Magic
  6842 | D:5      | Reached XP level 8. HP: 43/48 MP: 10/14
  6910 | D:5      | Found a shadowy altar of Dithmenos.
  7161 | D:6      | Identified the +1 robe of Foolhardiness {*Slow rElec rF+++}
  7192 | D:6      | Reached skill level 5 in Transmutations
  7431 | D:6      | HP: 17/72 [centaur (2)]
  7742 | D:5      | Reached skill level 5 in Spellcasting
  8101 | D:6      | HP: 7/48 [gnoll/+0 whip[a gnoll sergeant] (6)]
  8515 | D:6      | Noticed Sigmund
  8648 | D:6      | Killed Sigmund
  8649 | D:6      | Reached skill level 6 in Transmutations
  9225 | D:7      | Found a flagged portal.
  9263 | Bailey   | Entered a bailey
  9364 | Bailey   | Reached skill level 6 in Spellcasting
  9372 | Bailey   | HP: 11/57 [human/+0 vorpal hand axe (7)]
  9373 | Bailey   | Reached skill level 7 in Transmutations
  9373 | Bailey   | Reached XP level 9. HP: 10/53 MP: 13/19
  9949 | Bailey   | Noticed a vault guard
  9950 | Bailey   | magus.rc [v1.9.6]
 10002 | Bailey   | HP: 12/53 [gnoll/+0 war axe (6)]
 10007 | Bailey   | HP: 10/53 [gnoll/+0 war axe (3)]
 10013 | Bailey   | Noticed Prince Ribbit
 10017 | Bailey   | HP: 15/79 [Prince Ribbit (6)]
 10029 | Bailey   | Killed Prince Ribbit
 10030 | Bailey   | Reached skill level 7 in Spellcasting
 10033 | Bailey   | HP: 18/79 [bullfrog (4)]
 10038 | Bailey   | HP: 10/79 [bullfrog (2)]
 10052 | Bailey   | Reached skill level 8 in Transmutations
 10053 | Bailey   | HP: 18/79 [bullfrog (6)]
 10098 | Bailey   | HP: 11/53 [bullfrog (7)]
 10101 | Bailey   | Noticed a vault guard
 10101 | Bailey   | HP: 4/53 [bullfrog (7)]
 10101 | Bailey   | Slain by a bullfrog

Vanquished Creatures
  Prince Ribbit (Bailey)
  Sigmund (D:6)
  4 humans (Bailey)
  A water moccasin (Sewer)
  An ogre (D:5)
  3 centaurs
  A phantom (D:5)
  7 bullfrogs
  A gnoll sergeant (D:6)
  A scorpion (D:5)
  2 jellies
  Terence (D:3)
  5 iguanas
  Ijyb (D:3)
  Natasha (twice) (D:3)
  3 orc wizards
  12 gnolls
  3 adders (D:5)
  A river rat (D:4)
  A shadow imp (D:7)
  A worm (D:2)
  2 dart slugs (D:3)
  17 orcs
  4 ball pythons
  6 endoplasms
  5 giant cockroaches
  9 goblins
  10 hobgoblins
  4 quokkas
  7 bats
  2 frilled lizards (D:2)
  4 kobolds
  6 rats
  A spectral hobgoblin (D:3)
  A toadstool (D:5)
131 creatures vanquished.

Vanquished Creatures (others)
  10 fungi (D:5)
  A plant (D:5)
  2 toadstools (D:5)
13 creatures vanquished.

Grand Total: 144 creatures vanquished

Table legend:
 A = Non-vault XP
 B = Vault XP
 C = Vault XP percentage of total XP
 D = Non-vault monster count
 E = Vault monster count
 F = Vault count percentage of total count
                 A         B        C        D         E       F
            +---------+---------+-------+---------+---------+-------
      Total |    1551 |    2123 |  57.8 |      85 |      45 |  34.6
            +---------+---------+-------+---------+---------+-------
        D:1 |      17 |       0 |   0.0 |      11 |       0 |   0.0
        D:2 |      24 |       0 |   0.0 |      12 |       0 |   0.0
        D:3 |     110 |     112 |  50.5 |      19 |       5 |  20.8
        D:4 |     243 |      21 |   8.0 |       9 |       6 |  40.0
        D:5 |     610 |      17 |   2.7 |      18 |       4 |  18.2
        D:6 |     533 |     210 |  28.3 |      14 |       1 |   6.7
        D:7 |      14 |      10 |  41.7 |       2 |       5 |  71.4
      Sewer |       0 |     155 | 100.0 |       0 |       6 | 100.0
     Bailey |       0 |    1598 | 100.0 |       0 |      18 | 100.0
            +---------+---------+-------+---------+---------+-------

Illustrated notes

Table legend:
 A = Kills in this place as a percentage of kills in entire the game.
 B = Kills by you in this place as a percentage of kills by you in the entire game.
 C = Kills by friends in this place as a percentage of kills by friends in the entire game.
 D = Other kills in this place as a percentage of other kills in the entire game.
 E = Experience gained in this place as a percentage of experience gained in the entire game.
 F = Experience gained in this place divided by the number of levels of this place that you have seen.
                   A       B       C       D       E      F
               +-------+-------+-------+-------+-------+----------------------
         Total | 100.0 | 100.0 |   N/A |   N/A | 100.0 | 408.2
       Dungeon |  81.5 |  81.5 |   N/A |   N/A |  52.3 | 274.4
         Sewer |   4.6 |   4.6 |   N/A |   N/A |   4.2 | 155.0
        Bailey |  13.8 |  13.8 |   N/A |   N/A |  43.5 | 1598.0
               +-------+-------+-------+-------+-------+----------------------

Table legend: (Time is in decaauts)
 A = Elapsed time spent in this place.
 B = Non-inter-level travel time spent in this place.
 C = Inter-level travel time spent in this place.
 D = Time resting spent in this place.
 E = Time spent auto-exploring this place.
 F = Levels seen in this place.
 G = Mean time per level.
                   A        B        C        D        E       F      G
               +--------+--------+--------+--------+--------+-----+--------+
         Total |  10062 |   9841 |    221 |   1085 |   7207 |   9 | 1118.0 |
       Dungeon |   8986 |   8765 |    221 |    572 |   6931 |   7 | 1283.7 |
         Sewer |    263 |    263 |      0 |    146 |     45 |   1 |  263.0 |
        Bailey |    812 |    812 |      0 |    367 |    231 |   1 |  812.0 |
               +--------+--------+--------+--------+--------+-----+--------+

Top non-repeatable levels by time:
     D:5: 1775 daAuts
     D:3: 1717 daAuts
     D:6: 1626 daAuts
     D:1: 1364 daAuts
     D:2: 1303 daAuts
     D:4: 1140 daAuts
  Bailey: 812 daAuts
   Sewer: 263 daAuts
     D:7: 58 daAuts
